 Dungeon Crawl Stone Soup version 0.27.0-1-g7a089689b8 (webtiles) character file.

Game seed: 13697360676186091523

2549 Donbassman the Grappler (level 9, 0/84 HPs)
             Began as a Troll Monk on Aug 15, 2021.
             Slain by a tengu warrior (10 damage)
             ... on level 7 of the Dungeon.
             The game lasted 00:51:40 (4682 turns).

Donbassman the Grappler (Troll Monk)                Turns: 4682, Time: 00:51:40

Health: 0/84       AC:  4    Str: 22    XL:     9   Next: 30%
Magic:  10/10      EV: 16    Int:  6    God:
Gold:   286        SH:  0    Dex: 14    Spells: 9/10 levels left

rFire    . . .     SeeInvis .     - Unarmed
rCold    . . .     Faith    .   (no shield)
rNeg     . . .     Spirit   .   a - +0 robe
rPois    .         Reflect  .   (helmet restricted)
rElec    .         Harm     .   (no cloak)
rCorr    .         Rampage  .   (gloves unavailable)
Will     .....                  (boots unavailable)
Stlth    ++........             (no amulet)
HPRegen  1.24/turn              o - +4 ring of evasion
MPRegen  0.12/turn              (no ring)

@: no status effects
A: large, unfitting armour, claws 3, regeneration 1, shaggy fur 1, tough skin 1
a: no special abilities


You were on level 7 of the Dungeon.
You visited 1 branch of the dungeon, and saw 8 of its levels.

You collected 286 gold pieces.

Inventory:

Hand Weapons
 b - a +0 dagger
 d - a +0 rapier
 f - a +0 club
 s - a +1 morningstar of draining
 v - a +0 giant club
 w - a +0 arbalest
 B - a +0 shortbow
 O - a +0 flail of draining
Missiles
 C - 57 arrows
Armour
 a - a +0 robe (worn)
 i - a +0 scale mail
 n - a +0 robe
 r - a +0 leather armour
 x - a +0 robe
 F - a +0 ring mail
 M - a +0 hat
 N - +0 acid dragon scales
Jewellery
 o - a +4 ring of evasion (left claw)
 P - an amulet of faith
Wands
 l - a wand of acid (6)
 t - a wand of flame (3)
 J - a wand of digging (4)
 R - a wand of mindburst (12)
Scrolls
 e - a scroll of blinking {unknown}
 j - 4 scrolls of teleportation {unknown}
 u - a scroll of noise {unknown}
 y - 2 scrolls of immolation {unknown}
 A - a scroll of enchant armour {unknown}
 D - 2 scrolls of identify {unknown}
 E - 2 scrolls of fog {unknown}
 L - a scroll of fear {unknown}
 Q - a scroll of magic mapping {unknown}
Potions
 c - 6 potions of curing {unknown}
 g - 3 potions of berserk rage {unknown}
 h - a potion of attraction {unknown}
 k - a potion of flight {unknown}
 m - 2 potions of ambrosia {unknown}
 p - a potion of heal wounds {unknown}
 q - 2 potions of invisibility {unknown}
 z - a potion of haste {unknown}
 G - 2 potions of brilliance {unknown}
 H - 2 potions of lignification {unknown}
 I - a potion of degeneration {unknown}
 K - a potion of magic {unknown}
 S - a potion of mutation {unknown}
 T - a potion of resistance {unknown}


   Skills:
 + Level 3.7 Fighting
 + Level 5.4 Dodging
 - Level 1.0 Stealth
 + Level 10.5 Unarmed Combat
 + Level 1.3 Spellcasting
 + Level 1.1 Ice Magic


You had 9 spell levels left.
You knew the following spells:

 Your Spells              Type           Power      Damage    Failure   Level
a - Freeze                Ice            4%         1d3       28%         1

Your spell library contained the following spells:

 Spells                   Type           Power      Damage    Failure   Level
 Frozen Ramparts          Ice            2%         1d2       63%         3
 Gell's Gravitas          Tloc           0%         N/A       78%         3
 Teleport Other           Tloc           0%         N/A       78%         3
 Hailstorm                Conj/Ice       1%         3d3       98%         4
 Dispersal                Tloc           0%         N/A       100%        6


Dungeon Overview and Level Annotations

Branches:
Dungeon (8/15)
 Temple: D:4-7         Lair: D:8-11

Altars:
Gozag
Okawaru
Trog

Shops:
D:2 ?


Innate Abilities, Weirdness & Mutations

You are too large for most types of armour.
You have claws for hands.
Your natural rate of healing is unusually fast.
You are covered in fur. (AC +1)
You have tough skin. (AC +1)


Message History

The iguana hisses angrily.
The tengu warrior closely misses you. The tengu warrior pecks you.
* * * LOW HITPOINT WARNING * * *
The tengu warrior claws you.
* * * LOW HITPOINT WARNING * * *
The tengu warrior hits you with a +1 great sword.
* * * LOW HITPOINT WARNING * * *
The tengu warrior pecks you.
* * * LOW HITPOINT WARNING * * *
The tengu warrior claws you.
* * * LOW HITPOINT WARNING * * *
The tengu warrior hits you with a +1 great sword!
* * * LOW HITPOINT WARNING * * *
The tengu warrior barely misses you. The tengu warrior claws you.
* * * LOW HITPOINT WARNING * * *
The tengu warrior closely misses you. The tengu warrior pecks you.
* * * LOW HITPOINT WARNING * * *
The tengu warrior claws you.
* * * LOW HITPOINT WARNING * * *
The tengu warrior closely misses you. The tengu warrior pecks you.
* * * LOW HITPOINT WARNING * * *
The tengu warrior barely misses you.
There is a stone staircase leading down here.
The tengu warrior misses you.
The tengu warrior pecks you but does no damage.
The tengu warrior claws you.
* * * LOW HITPOINT WARNING * * *
You climb downwards.
Found a jewelled hunting sling.
There is a stone staircase leading up here.
You can't go down here!
The tengu warrior hits you with a +1 great sword!
* * * LOW HITPOINT WARNING * * *
The tengu warrior pecks you!
* * * LOW HITPOINT WARNING * * *
The tengu warrior closely misses you.
You climb upwards.
There is a stone staircase leading down here.
The tengu warrior hits you with a +1 great sword!
You die...

..........# ..........#
..........# ..........#
..........#
..........##########
...................#######
.........................#
................@........#
................Q........#
.........................#
.........................#
...............>>........#
.........................#
...................#######
...................#
......>............#


You could see a tengu warrior.

Vanquished Creatures
  A two-headed ogre (D:6)
  A steam dragon (D:5)
  An acid dragon (D:7)
  A black bear (D:7)
  2 ice beasts
  2 sky beasts (D:6)
  2 ogres
  2 centaurs
  2 phantoms
  2 scorpions
  A centaur zombie (D:6)
  A bullfrog zombie (D:7)
  A hound (D:6)
  2 jellies (D:4)
  2 orc priests (D:6)
  Jessica (D:3)
  A bullfrog skeleton (D:7)
  3 centaur skeletons (D:7)
  Natasha (thrice) (D:3)
  An orc wizard (D:4)
  Terence (D:3)
  A hound skeleton (D:4)
  3 adders
  A shadow imp (D:7)
  An adder skeleton (D:4)
  2 worms
  A dart slug (D:1)
  18 orcs
  4 endoplasms
  3 giant cockroaches
  7 goblins
  11 hobgoblins
  4 jackals (D:1)
  A quokka (D:4)
  7 ball pythons
  2 bats (D:1)
  A frilled lizard (D:2)
  2 kobolds (D:4)
  7 rats
109 creatures vanquished.

Vanquished Creatures (others)
  3 plants (D:7)
3 creatures vanquished.

Grand Total: 112 creatures vanquished

Notes
Turn   | Place    | Note
-------+----------+-------------------------------------------
     0 | D:1      | Donbassman the Troll Monk began the quest for the Orb.
     0 | D:1      | Reached XP level 1. HP: 22/22 MP: 0/0
   144 | D:1      | Reached XP level 2. HP: 29/29 MP: 1/1
   607 | D:1      | You fall into a shaft and drop 1 floor!
   966 | D:2      | Found Zud Noesh's Magic Scroll Boutique.
  1023 | D:2      | Reached XP level 3. HP: 36/36 MP: 2/2
  1555 | D:3      | Noticed Natasha
  1561 | D:3      | Killed Natasha
  1562 | D:3      | Reached skill level 4 in Unarmed Combat
  1562 | D:3      | Reached XP level 4. HP: 34/44 MP: 3/3
  1566 | D:3      | Noticed Natasha
  1579 | D:3      | Killed Natasha
  1612 | D:3      | Noticed Terence
  1621 | D:3      | Killed Terence
  1642 | D:3      | Noticed Natasha
  1650 | D:3      | Killed Natasha
  1651 | D:3      | Reached XP level 5. HP: 47/53 MP: 4/4
  1771 | D:3      | Found a bloodstained altar of Trog.
  1879 | D:3      | Noticed Jessica
  1886 | D:3      | Killed Jessica
  1887 | D:3      | Reached skill level 5 in Unarmed Combat
  2118 | D:4      | Found an iron altar of Okawaru.
  2188 | D:4      | Learned a level 1 spell: Freeze
  2225 | D:4      | Found an opulent altar of Gozag.
  2318 | D:4      | Reached XP level 6. HP: 61/61 MP: 5/5
  2353 | D:4      | Reached skill level 6 in Unarmed Combat
  2811 | D:5      | Entered Level 5 of the Dungeon
  2897 | D:5      | Noticed a steam dragon
  2911 | D:5      | Killed a steam dragon
  2912 | D:5      | Reached XP level 7. HP: 24/67 MP: 6/6
  3122 | D:5      | Reached skill level 7 in Unarmed Combat
  3511 | D:6      | Noticed a two-headed ogre
  3523 | D:6      | Killed a two-headed ogre
  3524 | D:6      | Reached skill level 8 in Unarmed Combat
  3524 | D:6      | Reached skill level 1 in Spellcasting
  3524 | D:6      | Reached XP level 8. HP: 43/75 MP: 6/8
  3566 | D:6      | Reached skill level 9 in Unarmed Combat
  3566 | D:6      | Reached skill level 1 in Ice Magic
  3809 | D:6      | Reached skill level 5 in Dodging
  4227 | D:7      | Reached XP level 9. HP: 57/83 MP: 10/10
  4371 | D:7      | Reached skill level 10 in Unarmed Combat
  4612 | D:7      | Noticed a centaur warrior
  4613 | D:7      | Noticed a cyclops
  4617 | D:7      | Noticed a tengu warrior
  4677 | D:8      | HP: 4/84 [tengu warrior (7)]
  4682 | D:7      | Slain by a tengu warrior

Illustrated notes

Levels and vault maps discovered:
D:1:      mrwooster_arrival_arrow, layout_basic,
          shapermc_ecumenical_altar_hornbeckon
D:2:      layout_loops_corners, serial_shops, shop, roderic_roman_lattice
D:3:      layout_basic, mainiacjoe_overflow_brackets, uniq_natasha,
          uniq_jessica, uniq_terence
D:4:      layout_loops_corners, okawaru_metal_pillars_3,
          nicolae_gozag_seed_capital, minmay_distorted
D:5:      layout_basic, mainiacjoe_overflow_alcove_1
D:6:      layout_loops_ring, general_overflow_altar,
          minmay_temple_entry_offerings
D:7:      nzn_winding_woodlands_medium [nzn_winding_woodlands_5x5_default,
          nzn_winding_woodlands_5x15_pathside_ponds,
          nzn_winding_woodlands_5x5_default, nzn_winding_woodlands_5x5_three,
          nzn_winding_woodlands_center_pierced_h,
          nzn_winding_woodlands_5x5_closed_star,
          nzn_winding_woodlands_5x5_default, nzn_winding_woodlands_5x15_eye,
          nzn_winding_woodlands_5x5_open_star], layout_gridville
D:8:      layout_basic, marbit_many_paths, gammafunk_temple_overflow_wave,
          st_stairs_12, mrwooster_statue_mirror

Skill      XL: |  1  2  3  4  5  6  7  8  9 |
---------------+----------------------------+-----
Dodging        | 3 4 5 |  5.4
Unarmed Combat | 4 5 6 8 9 10 | 10.5
Fighting       | 3 |  3.7
Spellcasting   | 1 |  1.3
Ice Magic      | 1 |  1.1
Stealth        | |  1.0

Action                   |  1- 3 |  4- 6 |  7- 9 || total
-------------------------+-------+-------+-------++-------
Melee: Unarmed           |    84 |   102 |   122 ||   308
       Punch             |       |     1 |     5 ||     6
 Cast: Freeze            |       |     4 |       ||     4
 Stab: Sleeping          |     2 |       |       ||     2
Armor: Robe              |    22 |    15 |    21 ||    58
Dodge: Dodged            |    36 |    56 |   104 ||   196
